[ AOE2 MATCH · #506941322 ]
UnrankedHuns vs Tupi
Player's team · LOSS
Rival team · WIN
[ REPLAY ANALYSIS · EXTRACTED FROM THE RECORDED GAME ]
Feudal
13:29
Castle
20:05
Imperial
33:36
| APM avg | 50.2 |
| APM peak | 92 |
| eAPM avg | 28.8 |
| Villagers / military | 208 / 499 |
Focus
⚔️ 46.1% · 🌾 53.9%
Skirmisher ×224 · Tarkan ×85 · Scout Cavalry ×78 · Cavalry Archer ×77 · Knight ×17 · Trade Cart ×13
Feudal
9:17
Castle
20:56
Imperial
31:57
| APM avg | 41.8 |
| APM peak | 87 |
| eAPM avg | 24.6 |
| Villagers / military | 151 / 206 |
Focus
⚔️ 42.3% · 🌾 57.7%
Unknown (2550) ×274 · Unknown (2579) ×223 · Spearman ×178 · Trebuchet (Packed) ×19 · Trade Cart ×16 · Battering Ram ×7
Match map
Initial resources + every placement click. Lines = walls · curves = elevation contours. ◆ gold · ⬟ stone · ● berries · ✦ relic · ◌ wall gap
Your base· ✓ Closed at 20:05 · 57t walls · 1 gate(s)
hurm0k [PT]'s base· ✓ Closed at 20:56 · 64t walls · 1 gate(s)
Smoothed initial terrain · ◌ = detected wall gap · hover for details
Inputs per minute
— 巨大豚 - - hurm0k [PT]
Build order — 巨大豚
First 150 of 629 actions detected
| 0:01 | Queue | Villager (Male) |
| 0:24 | Queue | Villager (Male) |
| 0:27 | Queue | Villager (Male) |
| 0:32 | Queue | Villager (Male) |
| 1:28 | Queue | Villager (Male) |
| 1:54 | Queue | Villager (Male) |
| 2:21 | Queue | Villager (Male) |
| 2:40 | Build | Lumber Camp |
| 2:57 | Queue | Villager (Male) |
| 3:06 | Queue | Villager (Male) |
| 3:19 | Queue | Villager (Male) |
| 3:39 | Queue | Villager (Male) |
| 4:14 | Queue | Villager (Male) |
| 4:22 | Queue | Villager (Male) |
| 4:30 | Queue | Villager (Male) |
| 4:41 | Queue | Villager (Male) |
| 5:05 | Queue | Villager (Male) |
| 5:24 | Queue | Villager (Male) |
| 5:33 | Queue | Villager (Male) |
| 5:49 | Build | Barracks |
| 6:08 | Queue | Villager (Male) |
| 6:15 | Queue | Villager (Male) |
| 6:27 | Queue | Villager (Male) |
| 6:38 | Queue | Villager (Male) |
| 7:00 | Queue | Villager (Male) |
| 7:12 | Build | Mill |
| 7:13 | Queue | Villager (Male) |
| 7:27 | Queue | Militia |
| 7:30 | Queue | Militia |
| 7:39 | Queue | Villager (Male) |
| 7:43 | Build | Lumber Camp |
| 7:51 | Queue | Militia |
| 8:36 | Queue | Villager (Male) |
| 8:41 | Build | Mining Camp |
| 8:46 | Queue | Militia |
| 9:04 | Queue | Villager (Male) |
| 9:10 | Build | Farm |
| 9:11 | Build | Farm |
| 9:23 | Build | Farm |
| 9:34 | Queue | Villager (Male) |
| 9:36 | Build | Farm |
| 9:47 | Build | Farm |
| 9:49 | Queue | Villager (Male) |
| 10:09 | Queue | Villager (Male) |
| 10:36 | Research | Loom |
| 10:57 | Build | Farm |
| 10:57 | Build | Farm |
| 11:08 | Build | Farm |
| 11:19 | Research | Feudal Age |
| 11:26 | Queue | Villager (Male) |
| 11:29 | Build | Farm |
| 12:07 | Build | Palisade Wall |
| 12:10 | Build | Palisade Wall |
| 12:21 | Build | Farm |
| 12:22 | Build | Farm |
| 12:22 | Build | Farm |
| 12:54 | Build | Palisade Wall |
| 12:54 | Build | Palisade Wall |
| 13:02 | Build | Palisade Wall |
| 13:06 | Build | Farm |
| 13:29 | Age | Feudal Age |
| 13:33 | Build | Stable |
| 13:37 | Research | Double-Bit Axe |
| 13:38 | Queue | Villager (Male) |
| 13:49 | Build | Palisade Wall |
| 13:54 | Build | Palisade Wall |
| 14:00 | Build | Palisade Wall |
| 14:20 | Queue | Scout Cavalry |
| 14:20 | Queue | Scout Cavalry |
| 14:22 | Queue | Scout Cavalry |
| 14:23 | Queue | Villager (Male) |
| 14:23 | Queue | Villager (Male) |
| 14:23 | Queue | Villager (Male) |
| 14:49 | Build | Palisade Wall |
| 14:52 | Queue | Villager (Male) |
| 14:57 | Build | Market |
| 15:00 | Build | Palisade Wall |
| 15:07 | Build | Farm |
| 15:31 | Build | Farm |
| 15:35 | Queue | Villager (Male) |
| 15:38 | Queue | Scout Cavalry |
| 15:51 | Build | Farm |
| 16:11 | Build | Farm |
| 16:14 | Build | Farm |
| 16:27 | Build | Farm |
| 16:28 | Build | Farm |
| 16:31 | Queue | Villager (Male) |
| 16:52 | Build | Palisade Gate |
| 17:07 | Queue | Villager (Male) |
| 17:23 | Build | Palisade Wall |
| 17:25 | Research | Castle Age |
| 17:36 | Research | Horse Collar |
| 17:43 | Queue | Trade Cart |
| 18:55 | Build | Blacksmith |
| 19:05 | Research | Bloodlines |
| 19:22 | Queue | Trade Cart |
| 20:05 | Age | Castle Age |
| 20:08 | Queue | Villager (Male) |
| 20:13 | Build | Monastery |
| 20:28 | Research | Bow Saw |
| 20:29 | Queue | Villager (Male) |
| 20:29 | Queue | Villager (Male) |
| 20:29 | Queue | Villager (Male) |
| 20:47 | Research | Husbandry |
| 20:47 | Research | Husbandry |
| 20:50 | Queue | Villager (Male) |
| 20:56 | Build | Town Center |
| 20:58 | Queue | Villager (Male) |
| 21:21 | Queue | Knight |
| 21:24 | Queue | Villager (Male) |
| 21:26 | Queue | Monk |
| 21:36 | Queue | Villager (Male) |
| 21:43 | Build | Town Center |
| 21:51 | Research | Wheelbarrow |
| 21:52 | Queue | Villager (Male) |
| 21:59 | Queue | Scout Cavalry |
| 22:01 | Queue | Villager (Male) |
| 22:20 | Queue | Villager (Male) |
| 22:38 | Queue | Villager (Male) |
| 22:43 | Queue | Villager (Male) |
| 22:46 | Build | Mining Camp |
| 22:51 | Queue | Villager (Male) |
| 22:54 | Queue | Monk |
| 23:09 | Queue | Villager (Male) |
| 23:10 | Build | Farm |
| 23:13 | Build | Farm |
| 23:14 | Build | Farm |
| 23:21 | Queue | Villager (Male) |
| 23:21 | Queue | Villager (Male) |
| 23:30 | Queue | Villager (Male) |
| 23:30 | Queue | Villager (Male) |
| 23:37 | Build | Farm |
| 23:40 | Queue | Trade Cart |
| 23:41 | Queue | Villager (Male) |
| 23:42 | Queue | Villager (Male) |
| 23:46 | Build | Farm |
| 23:49 | Build | Farm |
| 23:51 | Queue | Villager (Male) |
| 23:58 | Queue | Villager (Male) |
| 24:03 | Build | Farm |
| 24:04 | Build | Farm |
| 24:08 | Build | Farm |
| 24:09 | Build | Farm |
| 24:10 | Queue | Villager (Male) |
| 24:23 | Build | Farm |
| 24:46 | Queue | Villager (Male) |
| 24:57 | Build | Siege Workshop |
| 25:02 | Research | Gold Mining |
| 25:03 | Research | Hand Cart |
| 25:04 | Research | Town Watch |
Build order — hurm0k [PT]
First 150 of 705 actions detected
| 0:02 | Queue | Villager (Male) ×4 |
| 0:03 | Build | House |
| 0:05 | Build | House |
| 1:21 | Queue | Villager (Male) |
| 1:38 | Queue | Villager (Male) |
| 2:03 | Queue | Villager (Male) |
| 2:38 | Queue | Villager (Male) |
| 2:38 | Queue | Villager (Male) |
| 3:22 | Queue | Villager (Male) |
| 3:22 | Queue | Villager (Male) |
| 3:23 | Queue | Villager (Male) |
| 3:28 | Build | Settlement |
| 4:00 | Queue | Villager (Male) |
| 4:00 | Queue | Villager (Male) |
| 4:00 | Queue | Villager (Male) |
| 5:13 | Queue | Villager (Male) |
| 5:45 | Queue | Villager (Male) |
| 5:49 | Build | Settlement |
| 6:13 | Queue | Villager (Male) |
| 6:40 | Research | Loom |
| 7:01 | Research | Feudal Age |
| 7:14 | Build | Settlement |
| 8:27 | Build | Barracks |
| 8:32 | Build | Barracks |
| 8:43 | Queue | Villager (Male) |
| 8:43 | Queue | Villager (Male) |
| 8:51 | Build | House |
| 9:17 | Age | Feudal Age |
| 9:17 | Research | Double-Bit Axe |
| 9:17 | Research | Double-Bit Axe |
| 9:19 | Research | Tech 1402 |
| 9:38 | Queue | Unit 2550 |
| 9:39 | Queue | Unit 2550 |
| 10:04 | Build | Market |
| 10:14 | Queue | Villager (Male) |
| 10:14 | Queue | Villager (Male) |
| 10:14 | Queue | Villager (Male) |
| 10:55 | Queue | Unit 2550 |
| 10:56 | Queue | Villager (Male) |
| 11:05 | Queue | Villager (Male) |
| 11:31 | Queue | Unit 2550 |
| 11:54 | Build | Settlement |
| 11:56 | Build | Farm |
| 11:57 | Build | Farm |
| 11:57 | Build | Farm |
| 11:59 | Queue | Villager (Male) |
| 11:59 | Queue | Villager (Male) |
| 11:59 | Queue | Villager (Male) |
| 12:31 | Build | Stone Wall |
| 12:35 | Build | Stone Wall |
| 12:39 | Build | Stone Wall |
| 12:49 | Queue | Villager (Male) |
| 12:49 | Queue | Villager (Male) |
| 13:02 | Build | Farm |
| 13:02 | Build | Farm |
| 13:04 | Build | Farm |
| 13:05 | Build | Farm |
| 13:22 | Build | Stone Wall |
| 13:24 | Build | Stone Wall |
| 13:29 | Research | Horse Collar |
| 13:51 | Build | Stone Wall |
| 13:53 | Build | Stone Wall |
| 13:55 | Build | Gate |
| 13:58 | Queue | Villager (Male) |
| 14:02 | Build | Farm |
| 14:06 | Build | Farm |
| 14:17 | Queue | Villager (Male) |
| 14:19 | Build | Farm |
| 14:28 | Queue | Unit 2550 |
| 14:28 | Queue | Unit 2550 |
| 14:28 | Queue | Unit 2550 |
| 14:34 | Build | Farm |
| 14:46 | Queue | Villager (Male) |
| 14:56 | Build | Farm |
| 15:06 | Queue | Villager (Male) |
| 15:12 | Build | House |
| 15:28 | Queue | Spearman |
| 15:40 | Build | Farm |
| 15:41 | Queue | Villager (Male) |
| 15:52 | Build | Farm |
| 16:12 | Queue | Villager (Male) |
| 16:18 | Build | Farm |
| 16:34 | Queue | Villager (Male) |
| 16:50 | Build | Farm |
| 17:06 | Build | Farm |
| 17:08 | Queue | Villager (Male) |
| 17:43 | Queue | Villager (Male) |
| 17:46 | Build | Blacksmith |
| 18:16 | Research | Castle Age |
| 18:22 | Research | Gold Mining |
| 19:18 | Research | Stone Mining |
| 20:43 | Research | Fletching |
| 20:56 | Age | Castle Age |
| 20:58 | Build | Town Center |
| 21:01 | Research | Wheelbarrow |
| 21:14 | Build | Town Center |
| 21:50 | Queue | Villager (Male) |
| 21:54 | Research | Bodkin Arrow |
| 22:09 | Build | Outpost |
| 22:10 | Build | Outpost |
| 22:19 | Queue | Villager (Male) |
| 22:19 | Queue | Villager (Male) |
| 22:19 | Queue | Villager (Male) |
| 22:32 | Queue | Villager (Male) |
| 22:35 | Research | Town Watch |
| 22:50 | Research | Bow Saw |
| 22:51 | Research | Heavy Plow |
| 23:05 | Queue | Villager (Male) |
| 23:09 | Build | Farm |
| 23:17 | Build | Castle |
| 23:20 | Queue | Villager (Male) |
| 23:33 | Queue | Unit 2550 |
| 23:41 | Build | Monastery |
| 23:43 | Queue | Villager (Male) |
| 23:47 | Queue | Villager (Male) |
| 23:47 | Queue | Villager (Male) |
| 23:47 | Queue | Villager (Male) |
| 23:52 | Build | Farm |
| 23:53 | Build | Farm |
| 23:53 | Build | Farm |
| 23:53 | Build | Farm |
| 23:53 | Build | Farm |
| 24:02 | Queue | Villager (Male) |
| 24:02 | Queue | Villager (Male) |
| 24:05 | Build | Farm |
| 24:21 | Queue | Villager (Male) |
| 24:21 | Queue | Villager (Male) |
| 24:29 | Build | Farm |
| 24:31 | Queue | Villager (Male) |
| 24:31 | Queue | Villager (Male) |
| 24:46 | Build | Town Center |
| 24:48 | Queue | Villager (Male) |
| 24:49 | Queue | Villager (Male) |
| 24:50 | Queue | Villager (Male) |
| 25:00 | Queue | Villager (Male) |
| 25:00 | Queue | Villager (Male) |
| 25:03 | Queue | Unit 2579 |
| 25:04 | Queue | Unit 2579 |
| 25:04 | Queue | Unit 2579 |
| 25:04 | Queue | Unit 2579 |
| 25:04 | Queue | Unit 2579 |
| 25:18 | Build | Farm |
| 25:19 | Queue | Villager (Male) |
| 25:20 | Queue | Villager (Male) |
| 25:22 | Queue | Unit 2579 |
| 25:24 | Queue | Villager (Male) |
| 25:36 | Build | Farm |
| 25:36 | Build | Farm |
| 25:37 | Build | Farm |
| 25:37 | Build | Farm |
Match timeline
| 5:49 | 巨大豚 · first_building Barracks |
| 8:27 | hurm0k [PT] · first_building Barracks |
| 9:17 | hurm0k [PT] · age_up feudal |
| 12:07 | 巨大豚 · wall_segment Palisade Wall x7 |
| 12:10 | 巨大豚 · wall_segment Palisade Wall x5 |
| 12:31 | hurm0k [PT] · wall_segment Stone Wall x16 |
| 12:35 | hurm0k [PT] · wall_segment Stone Wall x11 |
| 12:39 | hurm0k [PT] · wall_segment Stone Wall x7 |
| 12:54 | 巨大豚 · wall_segment Palisade Wall x1 |
| 12:54 | 巨大豚 · wall_segment Palisade Wall x1 |
| 13:02 | 巨大豚 · wall_segment Palisade Wall x11 |
| 13:22 | hurm0k [PT] · wall_segment Stone Wall x5 |
| 13:24 | hurm0k [PT] · wall_segment Stone Wall x11 |
| 13:29 | 巨大豚 · age_up feudal |
| 13:33 | 巨大豚 · first_building Stable |
| 13:49 | 巨大豚 · wall_segment Palisade Wall x3 |
| 13:51 | hurm0k [PT] · wall_segment Stone Wall x11 |
| 13:53 | hurm0k [PT] · wall_segment Stone Wall x3 |
| 13:54 | 巨大豚 · wall_segment Palisade Wall x7 |
| 14:00 | 巨大豚 · wall_segment Palisade Wall x6 |
| 14:49 | 巨大豚 · wall_segment Palisade Wall x10 |
| 15:00 | 巨大豚 · wall_segment Palisade Wall x6 |
| 16:58 | hurm0k [PT] · first_market_buy 100 food |
| 17:11 | hurm0k [PT] · first_market_sell 100 wood |
| 17:23 | 巨大豚 · wall_segment Palisade Wall x1 |
| 20:05 | 巨大豚 · age_up castle |
| 20:13 | 巨大豚 · first_building Monastery |
| 20:52 | 巨大豚 · first_market_buy 100 wood |
| 20:56 | hurm0k [PT] · age_up castle |
| 23:17 | hurm0k [PT] · first_building Castle |
| 23:41 | hurm0k [PT] · first_building Monastery |
| 24:57 | 巨大豚 · first_building Siege Workshop |
| 27:59 | hurm0k [PT] · wall_segment Stone Wall x29 |
| 28:02 | 巨大豚 · wall_segment Palisade Wall x1 |
| 28:06 | 巨大豚 · wall_segment Palisade Wall x1 |
| 28:06 | hurm0k [PT] · wall_segment Stone Wall x9 |
| 30:07 | 巨大豚 · first_building Castle |
| 30:13 | hurm0k [PT] · first_building Siege Workshop |
| 30:18 | 巨大豚 · first_market_sell 100 food |
| 31:57 | hurm0k [PT] · age_up imperial |
| 32:42 | 巨大豚 · first_building Archery Range |
| 33:36 | 巨大豚 · age_up imperial |
| 45:23 | 巨大豚 · wall_segment Stone Wall x4 |
| 47:37 | 巨大豚 · wall_segment Stone Wall x13 |
| 59:30 | hurm0k [PT] · wall_segment Stone Wall x2 |
| 61:09 | 巨大豚 · resign |
[ AI ANALYSIS · 1 CREDIT ]
What really happened in this match?
Wolo.gg analyzes every decision: build order, eco, micro, common mistakes by bracket. Personalized analysis on WhatsApp or Discord in 30 seconds.
Civ guide
Huns
Perfil
Jugador #3075382